[Event "EICC 2025"]
[Site "Eforie-Nord"]
[Date "2025.03.16"]
[Round "2.22"]
[White "Sanikidze, Tornike"]
[Black "Ponomariov, Ruslan"]
[Result "1/2-1/2"]
[Annotator "TA"]
[ECO "D24"]
[WhiteElo "2452"]
[BlackElo "2628"]
[PlyCount "35"]
[EventDate "2025.03.14"]
[EventType "swiss"]
[EventCountry "ROU"]
[SourceTitle "playchess.com"]
[Source "ChessBase"]
[SourceQuality "1"]
[TimeControl "40/5400+30:1800+30"]

1. d4 Nf6 2. c4 e6 3. Nf3 d5 4. Nc3 dxc4 5. e4 b5 6. e5 {[%emt 0:01:23] D24: Queen's Gambit Accepted: 3 Nf3 Nf6 4 Nc3.} Nd5 7. Nxb5 Nb6 8. Be2 Nc6 9. O-O Be7 {[%emt 0:00:25] Repels Bg5} 10. Be3 O-O 11. Nc3 Rb8 12. Qc1 Nb4 13. Nd2 Ba6 14. Rd1 Nd3 $146 (14... Qd7 15. Nde4 Kh8 16. a3 Nd3 17. Qd2 Nd5 18. b4 f5 19. exf6 gxf6 20. Nxd5 exd5 21. Ng3 Bd6 22. Bxd3 cxd3 23. Bf4 Qg4 24. Bxd6 cxd6 {0-1 Lamard,G (2480)-Erigaisi,A (2597) Guimaraes op 2021 (6)}) 15. Qc2 Nb4 16. Qc1 Nd3 17. Qc2 (17. Bxd3 $5 cxd3 $8 18. b3 $14) 17... Nb4 18. Qc1 {[%emt 0:01:05] Weighted Error Value: White=0.11 (very precise) /Black=0.06 (flawless)   Inaccurate:     	White=1     	Black=1      OK:         	White=3     	Black=7      Best:        	White=1     	---} 1/2-1/2

[Event "EICC 2025"]
[Site "Eforie-Nord"]
[Date "2025.03.16"]
[Round "2.22"]
[White "Pastar, Slaven"]
[Black "Bernadskiy, Vitaliy"]
[Result "1/2-1/2"]
[Annotator "ChessBase"]
[ECO "A04"]
[WhiteElo "2377"]
[BlackElo "2529"]
[PlyCount "90"]
[EventDate "2025.03.14"]
[EventType "swiss"]
[EventCountry "ROU"]
[SourceTitle "playchess.com"]
[Source "ChessBase"]
[SourceQuality "1"]
[TimeControl "40/5400+30:1800+30"]

1. Nf3 e6 2. b3 b6 3. g3 Bb7 4. Bg2 Nf6 5. O-O d5 6. Bb2 Bd6 7. c4 Nbd7 8. cxd5 exd5 9. Nc3 a6 10. e3 Nc5 11. Qc2 O-O 12. Ng5 g6 13. Ne2 Be7 14. Rac1 a5 15. Nf4 Ne8 16. h4 Bf6 17. Bxf6 Nxf6 18. d4 Na6 19. Nd3 Ne4 20. Nxe4 dxe4 21. Ne5 f5 22. Nc6 Qd6 23. Rfd1 Rf6 24. Ne5 c5 25. Qb2 Re8 26. Nc4 Qf8 27. dxc5 Nxc5 28. Bf1 Ba6 29. Qd4 Bxc4 30. Bxc4+ Kg7 31. a3 Kh6 32. b4 axb4 33. axb4 Nb7 34. Bb5 Rd6 35. Qc3 Red8 36. Rxd6 Nxd6 37. Qe5 Nxb5 38. Qf4+ Kg7 39. Qe5+ Qf6 40. Qxb5 Kh6 41. Qc6 Rd1+ 42. Kg2 Qd8 43. Rxd1 Qxd1 44. Qxb6 Qf3+ 45. Kg1 Qd1+ 1/2-1/2

[Event "EICC 2025"]
[Site "Eforie-Nord"]
[Date "2025.03.16"]
[Round "2.23"]
[White "Sargissian, Gabriel"]
[Black "Bronstein, Or"]
[Result "1-0"]
[Annotator "TA"]
[ECO "A14"]
[WhiteElo "2628"]
[BlackElo "2451"]
[PlyCount "105"]
[EventDate "2025.03.14"]
[EventType "swiss"]
[EventCountry "ROU"]
[SourceTitle "playchess.com"]
[Source "ChessBase"]
[SourceQuality "1"]
[TimeControl "40/5400+30:1800+30"]

1. c4 Nf6 2. g3 e6 3. Bg2 d5 4. Nf3 Be7 5. O-O O-O 6. cxd5 exd5 7. b3 Re8 {[%emt 0:23:55] 7...c5 is the modern continuation. A14: English Opening: 1...e6 with b3 by White.} 8. Bb2 Bf8 9. d3 $146 (9. Re1 h6 10. h3 Bf5 11. d3 Nbd7 12. Nbd2 Bh7 13. Qc2 c6 14. Rad1 Qa5 15. e4 {1-0 Duda,J (2739)-Nepomniachtchi,I (2754) Chessable Masters Winners rapid 2025 (1.2)}) 9... Bf5 {[%emt 0:06:23] The position is equal.} 10. Nbd2 h6 11. Re1 Bh7 12. Ne5 Bd6 13. f4 Bxe5 14. fxe5 Ng4 15. e4 Nxe5 16. Bxe5 {[%emt 0:00:41] White sacrificed a pawn} Rxe5 17. d4 Re7 18. exd5 Nd7 19. Nc4 Rxe1+ 20. Qxe1 Nf6 21. Qb4 Rb8 22. d6 Ne4 23. Bxe4 Bxe4 24. Re1 Bc6 25. Qc5 {[%emt 0:03:59] aiming for dxc7.} cxd6 26. Nxd6 Ra8 {[%emt 0:03:30] Black is weak on the dark squares} 27. Nf5 Bd7 28. Ne7+ Kh8 29. d5 Qb6 30. b4 Rd8 (30... Bh3 $11 {might be stronger.}) 31. Rf1 Be8 {[%emt 0:00:37] [#]} (31... f6 $1 $11) 32. a4 {[%emt 0:00:47] White is more active.} (32. Qxb6 $1 $16 axb6 33. Rc1) 32... Qxc5+ $4 {[%emt 0:00:30][%mdl 8192] Black is now going downhill.} (32... Qa6 $11 {and Black has nothing to worry.}) 33. bxc5 $18 Bxa4 34. Rxf7 $11 {[%emt 0:01:26][%mdl 4096] Endgame KRB-KRN} Bb3 35. Rf3 (35. Ng6+ Kh7 36. Nf8+ (36. Rxb7 Bxd5 37. c6 Bxc6 $17) 36... Kg8 $19) 35... Bc2 (35... Bc4 {was necessary.} 36. Rc3 Bb5 (36... Bxd5 $2 {is the wrong capture.} 37. Rd3 $18)) 36. c6 $18 bxc6 37. dxc6 Rd1+ 38. Kf2 Be4 39. c7 Bb7 40. Rb3 (40. c8=B Bxf3 41. Kxf3 a5 42. Ng6+ Kh7 $17) 40... Ba6 41. c8=Q+ (41. c8=R+ Bxc8 42. Nxc8 Rd2+ 43. Kf3 a5) 41... Bxc8 42. Nxc8 {[%emt 0:00:05] KRN-KR} Rd2+ 43. Kg1 Ra2 44. Rb7 a5 45. Ra7 Kh7 46. Ne7 a4 47. Nd5 h5 48. Nf4 h4 49. g4 {[%emt 0:01:45][%cal Bg3g4,Bg4g5,Bg5g6][%mdl 32] g5 would kill now.} a3 $2 (49... Kh6 $18 50. Ra5 g5) 50. g5 {[%emt 0:01:39] White mates.} Ra1+ 51. Kg2 a2 52. g6+ Kh6 {[%emt 0:00:08] [#]} 53. Ra5 $1 {[%emt 0:00:19] Weighted Error Value: White=0.12 (very precise) /Black=0.40  Loses game:     	---       	Black=1      Mistake:       	White=1     	Black=4      Inaccurate:     	White=2     	Black=2      OK:         	White=16    	Black=17     Best:        	White=3     	Black=1} 1-0

[Event "EICC 2025"]
[Site "Eforie-Nord"]
[Date "2025.03.16"]
[Round "2.23"]
[White "Boyer, Mahel"]
[Black "Koutlas, Nikolaos"]
[Result "1-0"]
[Annotator "ChessBase"]
[ECO "A49"]
[WhiteElo "2529"]
[BlackElo "2369"]
[PlyCount "85"]
[EventDate "2025.03.14"]
[EventType "swiss"]
[EventCountry "ROU"]
[SourceTitle "playchess.com"]
[Source "ChessBase"]
[SourceQuality "1"]
[TimeControl "40/5400+30:1800+30"]

1. Nf3 Nf6 2. b3 g6 3. Bb2 Bg7 4. g3 O-O 5. Bg2 d6 6. d4 b5 7. Na3 b4 8. Nc4 Bb7 9. a3 a5 10. O-O Nbd7 11. axb4 axb4 12. Qd2 c5 13. dxc5 dxc5 14. Rxa8 Bxa8 15. Rd1 Qc7 16. Nfe5 Nxe5 17. Nxe5 Qb6 18. Bxa8 Rxa8 19. Nxf7 Ra2 20. Bxf6 Qxf6 21. Ng5 Qd4 22. Qc1 Qe5 23. Rd8+ Bf8 24. Qf4 Qxf4 25. gxf4 Rxc2 26. Ne6 Kf7 27. Ng5+ Kg8 28. Ne6 Kf7 29. Nxf8 c4 30. Nd7 cxb3 31. Ne5+ Ke6 32. Rd1 Rxe2 33. Rb1 Kd5 34. Rxb3 Re4 35. Kg2 g5 36. Rd3+ Kc5 37. Rd7 gxf4 38. Nd3+ Kc4 39. Kf3 Re6 40. Nxf4 Re5 41. Rc7+ Kd4 42. Rb7 Kc4 43. Rxb4+ 1-0

[Event "EICC 2025"]
[Site "Eforie-Nord"]
[Date "2025.03.16"]
[Round "2.24"]
[White "Levin, Guy"]
[Black "Volokitin, Andrei"]
[Result "1/2-1/2"]
[Annotator "TA"]
[ECO "D38"]
[WhiteElo "2450"]
[BlackElo "2628"]
[PlyCount "87"]
[EventDate "2025.03.14"]
[EventType "swiss"]
[EventCountry "ROU"]
[SourceTitle "playchess.com"]
[Source "ChessBase"]
[SourceQuality "1"]
[TimeControl "40/5400+30:1800+30"]

1. d4 Nf6 2. c4 e6 3. Nc3 Bb4 4. Nf3 d5 5. Qa4+ Nc6 6. e3 O-O 7. Bd2 dxc4 {[%emt 0:01:12] D38: Queen's Gambit Declined: Ragozin Defence (4 Nf3 Bb4).} 8. Bxc4 Bd6 9. Qc2 e5 {[%emt 0:00:23] White has an edge.} 10. dxe5 Nxe5 11. Nxe5 Bxe5 12. f4 Bxc3 13. Bxc3 Ng4 14. Bd4 {[%emt 0:00:08] Threatening 0-0-0. A sharp opening} c5 $1 15. Bxc5 {[%emt 0:00:02][%cal Oc2b3] [#]} Re8 {[%emt 0:00:06] Black sacrificed a pawn} 16. Qe2 $146 ({White should try} 16. O-O $14) ({Predecessor:} 16. O-O Nxe3 17. Bxe3 Rxe3 18. Rae1 Qb6 19. Qf2 Rxe1 20. Rxe1 Qxf2+ 21. Kxf2 Kf8 22. Bd5 {½-½ So,W (2757)-Aronian,L (2729) Crunchlab PlayIn Match D1 rapid 2024 (2.1)}) 16... Qc7 $11 17. Bd4 Nxe3 $1 18. Bxe3 {[%emt 0:00:03] 0-0 is the strong threat. A strong pair of Bishops.} Bg4 19. Qxg4 Rxe3+ 20. Kf2 Re4 21. Bxf7+ Qxf7 22. g3 Qf6 23. Rhd1 Qxb2+ 24. Kg1 Rae8 25. Qf3 $1 Qb6+ 26. Qf2 Qxf2+ 27. Kxf2 {[%emt 0:00:03][%mdl 4096] Endgame KRR-KRR} Re2+ 28. Kg1 h5 29. Rf1 Rc8 {[%emt 0:17:21] [#]} 30. Rf2 Rxf2 31. Kxf2 $15 {[%emt 0:00:03] KR-KR} Rc2+ 32. Kg1 b5 33. Rb1 a6 ({Of course not} 33... Rxa2 34. Rxb5 g6 35. h3 $11) 34. a4 bxa4 35. Ra1 Rc4 36. Kg2 g6 37. Kh3 Kg7 38. Kh4 Kh6 39. Kh3 g5 (39... Rb4 $17) 40. fxg5+ $1 $11 {[%emt 0:00:06] The position is equal.} Kxg5 41. Rd1 Rc5 {[%emt 0:02:17] Hoping for ...a3.} (41... a3 $5 42. Rd5+ $8 Kf6 $16) 42. Ra1 Ra5 43. Ra3 Kg6 44. g4 {[%emt 0:00:00] Weighted Error Value: White=0.07 (flawless) /Black=0.05 (flawless)   Mistake:       	White=1     	Black=1      Inaccurate:     	White=2     	Black=1      OK:         	White=16    	Black=13     Best:        	White=6     	Black=6      Strong:       	White=2     	Black=2} 1/2-1/2

[Event "EICC 2025"]
[Site "Eforie-Nord"]
[Date "2025.03.16"]
[Round "2.24"]
[White "Mitsis, Georgios"]
[Black "Kobo, Ori"]
[Result "1-0"]
[Annotator "ChessBase"]
[ECO "E12"]
[WhiteElo "2376"]
[BlackElo "2525"]
[PlyCount "77"]
[EventDate "2025.03.14"]
[EventType "swiss"]
[EventCountry "ROU"]
[SourceTitle "playchess.com"]
[Source "ChessBase"]
[SourceQuality "1"]
[TimeControl "40/5400+30:1800+30"]

1. d4 Nf6 2. Nf3 e6 3. c4 b6 4. a3 Ba6 5. Qc2 Bb7 6. Nc3 c5 7. e4 cxd4 8. Nxd4 Bc5 9. Nf3 Ng4 10. Bg5 f6 11. Bh4 Nc6 12. O-O-O O-O 13. Kb1 Qe8 14. Bg3 Nge5 15. Qd2 Rd8 16. Ne1 Qg6 17. f4 Ng4 18. Nc2 f5 19. exf5 exf5 20. Bh4 Be7 21. Qd5+ Kh8 22. Bxe7 Nxe7 23. Qxb7 Nf2 24. Be2 Nxh1 25. Rxh1 Nc6 26. Bf3 Na5 27. Qd5 Rc8 28. Ne3 Rfe8 29. Qd3 Qe6 30. Ncd5 Rf8 31. h3 Nb7 32. g4 Nc5 33. Qd4 Nb3 34. Qc3 Na5 35. gxf5 Qh6 36. Qd3 Rfe8 37. h4 Nb7 38. h5 Nc5 39. Qd4 1-0

[Event "EICC 2025"]
[Site "Eforie-Nord"]
[Date "2025.03.16"]
[Round "2.25"]
[White "Iskandarov, Misratdin"]
[Black "Damjanovic, Vuk"]
[Result "1-0"]
[Annotator "ChessBase"]
[ECO "B27"]
[WhiteElo "2524"]
[BlackElo "2368"]
[PlyCount "223"]
[EventDate "2025.03.14"]
[EventType "swiss"]
[EventCountry "ROU"]
[SourceTitle "playchess.com"]
[Source "ChessBase"]
[SourceQuality "1"]
[TimeControl "40/5400+30:1800+30"]

1. e4 c5 2. Nf3 g6 3. Bc4 Bg7 4. c3 e6 5. d4 cxd4 6. Nxd4 a6 7. Be3 Ne7 8. Nd2 O-O 9. O-O d5 10. exd5 Nxd5 11. Bxd5 Qxd5 12. Qb3 Nc6 13. Qxd5 exd5 14. Nxc6 bxc6 15. Nb3 a5 16. Bc5 Re8 17. Rfe1 Be6 18. Nd4 Bxd4 19. cxd4 a4 20. Re3 Bd7 21. Rc1 Rxe3 22. fxe3 Rb8 23. Ba3 f6 24. Kf2 Rb6 25. Ke2 Bc8 26. Kd2 Ba6 27. Kc3 Bc4 28. Ra1 f5 29. Bb4 Kf7 30. g4 fxg4 31. e4 h5 32. Re1 Rb7 33. b3 axb3 34. axb3 Bb5 35. exd5 cxd5 36. Bd6 Kf6 37. Be5+ Kf7 38. Bf4 Bd7 39. Ra1 Bf5 40. Ra8 Be4 41. b4 Kf6 42. Be5+ Kf7 43. Ra5 h4 44. b5 Bf5 45. Kb4 g3 46. hxg3 h3 47. g4 Bxg4 48. Kc5 Re7 49. b6 Bc8 50. Ra8 Re8 51. Rxc8 Rxc8+ 52. Kxd5 Re8 53. Bh2 Re7 54. Kc6 Re6+ 55. Kc5 Re7 56. d5 Ke8 57. Kc6 Re2 58. Be5 Rc2+ 59. Kd6 Rc1 60. b7 Rb1 61. Kc6 Rc1+ 62. Kb6 Rb1+ 63. Kc7 Rc1+ 64. Kb6 Rb1+ 65. Ka6 h2 66. Bxh2 Ra1+ 67. Kb6 Rb1+ 68. Kc7 Rc1+ 69. Kb8 Kd7 70. Be5 Re1 71. Ka7 Rxe5 72. b8=Q Rxd5 73. Qg8 Rd6 74. Kb7 Rf6 75. Qg7+ Ke6 76. Kc6 Kf5+ 77. Kd5 g5 78. Kd4 Re6 79. Qf7+ Rf6 80. Qg7 Re6 81. Qd7 Kf6 82. Qh7 Re8 83. Qh5 Re6 84. Qh8+ Kf5 85. Qh3+ Kf6 86. Kd5 Re5+ 87. Kd6 Re4 88. Qf3+ Rf4 89. Qd5 Kg6 90. Ke6 Rf6+ 91. Ke7 Rf4 92. Qe6+ Kg7 93. Qh3 Kg6 94. Ke6 Re4+ 95. Kd5 Rf4 96. Ke5 Rh4 97. Qd3+ Kh6 98. Qd6+ Kh5 99. Kf6 Rf4+ 100. Kg7 Rf3 101. Qh2+ Kg4 102. Kg6 Rg3 103. Qh5+ Kf4 104. Qd1 Ke5 105. Qf1 Ke4 106. Qf2 Rf3 107. Qe2+ Kf4 108. Qc4+ Kg3 109. Kxg5 Rf2 110. Qe4 Kh2 111. Kg4 Rg2+ 112. Kf3 1-0

[Event "EICC 2025"]
[Site "Eforie-Nord"]
[Date "2025.03.16"]
[Round "2.25"]
[White "Willow, Jonah B"]
[Black "Santos Latasa, Jaime"]
[Result "1/2-1/2"]
[Annotator "TA"]
[ECO "B90"]
[WhiteElo "2450"]
[BlackElo "2627"]
[PlyCount "44"]
[EventDate "2025.03.14"]
[EventType "swiss"]
[EventCountry "ROU"]
[SourceTitle "playchess.com"]
[Source "ChessBase"]
[SourceQuality "1"]
[TimeControl "40/5400+30:1800+30"]

1. e4 c5 2. Nf3 d6 3. d4 cxd4 4. Nxd4 Nf6 5. Nc3 a6 6. a4 e5 7. Nf3 Be7 8. Bg5 {[%emt 0:00:13] The position is equal.} Be6 {[%emt 0:00:05] B90: Sicilian Najdorf: Unusual White 6th moves, 6 Be3 Ng4 and 6 Be3 e5.} 9. Bxf6 Bxf6 10. Nd5 {[%emt 0:00:07] Wards off Qb6} Nd7 11. Bc4 Rc8 12. Qe2 Nb6 13. Nxf6+ Qxf6 14. Bxe6 Qxe6 15. O-O O-O 16. b3 Nd7 17. Rfd1 Rfd8 18. Rd2 h6 $146 (18... Nf6 19. Rad1 Qg4 20. Rxd6 Rxd6 21. Rxd6 Qxe4 22. Qd1 h6 23. c4 Qf5 24. h3 Rc6 {½-½ Patrelakis,E (2426)-Koutlas,N (2369) Thessaloniki Vardaris op 8th 2025 (7)}) 19. Rad1 Nf6 20. c4 b5 21. axb5 axb5 22. cxb5 Qxb3 {[%emt 0:00:30] Weighted Error Value: White=0.01 (flawless) /Black=0.03 (flawless)   Mistake:       	---       	Black=1      OK:         	White=8     	Black=6} (22... Rc3 $11) 1/2-1/2

[Event "EICC 2025"]
[Site "Eforie-Nord"]
[Date "2025.03.16"]
[Round "2.26"]
[White "Bosiocic, Marin"]
[Black "Lohia, Sohum"]
[Result "1-0"]
[Annotator "ChessBase"]
[ECO "E11"]
[WhiteElo "2518"]
[BlackElo "2365"]
[PlyCount "85"]
[EventDate "2025.03.14"]
[EventType "swiss"]
[EventCountry "ROU"]
[SourceTitle "playchess.com"]
[Source "ChessBase"]
[SourceQuality "1"]
[TimeControl "40/5400+30:1800+30"]

1. d4 Nf6 2. c4 e6 3. Nf3 d5 4. g3 Bb4+ 5. Bd2 a5 6. a3 Be7 7. Bg2 O-O 8. Qc2 c6 9. h4 b6 10. Nc3 Ba6 11. e4 dxe4 12. Ng5 Qxd4 13. Ncxe4 Nxe4 14. Bxe4 f5 15. Bd3 Qf6 16. Bc3 Qh6 17. O-O-O Nd7 18. f4 Nc5 19. Be2 b5 20. Rhe1 bxc4 21. Kb1 Bb5 22. Qc1 Na4 23. Bd4 Rfe8 24. Bxc4 Bxg5 25. hxg5 Qg6 26. Bxb5 cxb5 27. Qc6 e5 28. Qd5+ Qf7 29. Bxe5 b4 30. Qb5 Nc3+ 31. bxc3 Qb3+ 32. Kc1 Qxa3+ 33. Kc2 Qa2+ 34. Kd3 Rad8+ 35. Ke3 Qg2 36. Qc4+ Kf8 37. Rg1 Qc2 38. Rd3 Rc8 39. Qd4 Rxc3 40. Rxc3 bxc3 41. Kf3 Kg8 42. Qd5+ Kh8 43. Re1 1-0

[Event "EICC 2025"]
[Site "Eforie-Nord"]
[Date "2025.03.16"]
[Round "2.26"]
[White "Szpar, Milosz"]
[Black "Rodshtein, Maxim"]
[Result "1/2-1/2"]
[Annotator "TA"]
[ECO "B13"]
[WhiteElo "2449"]
[BlackElo "2623"]
[PlyCount "41"]
[EventDate "2025.03.14"]
[EventType "swiss"]
[EventCountry "ROU"]
[SourceTitle "playchess.com"]
[Source "ChessBase"]
[SourceQuality "1"]
[TimeControl "40/5400+30:1800+30"]

1. e4 c6 2. d4 d5 3. exd5 cxd5 4. Bd3 Nf6 5. h3 g6 6. Nf3 Bf5 7. O-O Nc6 8. Re1 Bxd3 9. Qxd3 Bg7 10. Bf4 O-O 11. Nbd2 e6 12. c3 Rc8 13. Qb5 {[%emt 0:03:29] B13: Caro-Kann: Exchange Variation and Panov-Botvinnik Attack.} b6 14. a4 Ne8 $146 (14... Nd7 15. Nb3 a5 16. Nc1 Re8 17. Nd3 h6 18. Re2 Kh7 19. Rae1 Bf6 20. Bg3 Ne7 21. Nf4 Bg5 22. Nxg5+ hxg5 23. Nxe6 fxe6 24. Rxe6 Nf8 25. Qxe8 {1-0 Breyther,R (2253)-Meyer,F (2226) Oberliga Nord N 2324 2023 (1.4)}) 15. Qa6 {[%emt 0:09:24] White has an edge.} Nd6 {[%emt 0:05:45] The position is equal.} 16. Ne5 Nxe5 17. Bxe5 Re8 18. Re2 (18. Qxa7 Bxe5 (18... Ra8 19. Qxa8 Qxa8 20. Bxd6 $15) 19. dxe5 Ra8 $15) 18... Qd7 19. a5 Rc6 20. axb6 axb6 21. Nf3 {[%emt 0:04:45] An uneventful encounter.   Weighted Error Value: White=0.08 (flawless) /Black=0.06 (flawless)   OK:         	White=2     	Black=2} 1/2-1/2

[Event "EICC 2025"]
[Site "Eforie-Nord"]
[Date "2025.03.16"]
[Round "2.27"]
[White "Maurizzi, Marc`Andria"]
[Black "Fromm, Marius"]
[Result "1-0"]
[Annotator "TA"]
[ECO "E20"]
[WhiteElo "2622"]
[BlackElo "2444"]
[PlyCount "101"]
[EventDate "2025.03.14"]
[EventType "swiss"]
[EventCountry "ROU"]
[SourceTitle "playchess.com"]
[Source "ChessBase"]
[SourceQuality "1"]
[TimeControl "40/5400+30:1800+30"]

1. d4 Nf6 2. c4 e6 3. Nc3 Bb4 4. g3 O-O 5. Bg2 d5 6. Nf3 dxc4 7. O-O Nc6 8. a3 {[%emt 0:00:02] 8.Re1 deserves study.} Be7 9. e4 {[%emt 0:00:57] E20: Nimzo-Indian: 4 g3 and 4 f3.} Na5 10. Be3 Nb3 (10... a6 $15) 11. Rb1 $11 {[%emt 0:00:04] White sacrificed a pawn. The position is equal.} c5 12. dxc5 Bxc5 13. Bxc5 Nxc5 14. Qe2 Qe7 $146 (14... b6 15. Rfd1 Qe8 16. Qxc4 Ba6 17. Qd4 Rd8 18. Qe3 Rxd1+ 19. Rxd1 Na4 20. e5 Nxc3 21. exf6 {1-0 Robson,R (2689)-Dominguez Perez,L (2741) Champions Showdown Kings blitz 2025 (1.3)}) 15. Ne5 Bd7 16. Nxc4 e5 17. f4 Bg4 $1 18. Qe3 exf4 19. Rxf4 Be6 $1 20. e5 Bxc4 $1 (20... Ng4 $2 21. Rxg4 Bxg4 22. Nd5 $18) 21. Rxc4 Ncd7 22. Rc7 $36 {[%emt 0:03:35][%mdl 2048] White has some pressure.} (22. Bxb7 Rad8 $14) 22... Qxe5 23. Qxe5 Nxe5 24. Rxb7 {[%emt 0:00:19] White is more active.} Rab8 {[%emt 0:00:57] Loses the game.} (24... h5 $16 {was necessary.}) 25. Rxa7 $18 Rfc8 {[%emt 0:00:32][%cal Oc8c3] ...Rxc3! is the strong threat.} 26. Rb7 Rxb7 27. Bxb7 Rb8 28. Bg2 Nc4 {[%emt 0:00:17][%cal Og8f8] [#]} 29. a4 $1 Rb4 {[%emt 0:00:44] [#]} 30. a5 $1 Nxa5 31. Ra1 Rxb2 32. Rxa5 g6 33. Ra2 Rb4 34. Rf2 Rc4 35. Rxf6 Rxc3 {[%emt 0:00:01][%mdl 4096] Endgame KRB-KR} 36. Rc6 Rd3 37. Rc7 h5 38. Bf1 Rd6 39. Kf2 Rf6+ 40. Ke2 Kg7 41. Bg2 Re6+ 42. Kd3 Rf6 43. Bd5 Rf2 44. h3 Rf5 45. Kd4 Kf8 $2 (45... Rf2 46. Bc4 Rf3) 46. Rc3 {[%emt 0:00:00] aiming for Rf3. White is clearly winning.} Rf2 47. Rf3 Rd2+ 48. Ke5 f5 49. Rc3 {[%emt 0:00:00][%cal Oe5f6] White wants to mate with Kf6!.} Kg7 50. Rc7+ Kh6 51. h4 {[%emt 0:00:00] Weighted Error Value: White=0.05 (flawless) /Black=0.43  Mistake:       	---       	Black=3      Inaccurate:     	White=2     	Black=5      OK:         	White=15    	Black=14     Best:        	White=5     	---        Strong:       	White=1     	Black=3} 1-0

[Event "EICC 2025"]
[Site "Eforie-Nord"]
[Date "2025.03.16"]
[Round "2.27"]
[White "Domalchuk-Jonasson, Aleksandr"]
[Black "Parligras, Mircea-Emilian"]
[Result "0-1"]
[Annotator "ChessBase"]
[ECO "A21"]
[WhiteElo "2374"]
[BlackElo "2518"]
[PlyCount "60"]
[EventDate "2025.03.14"]
[EventType "swiss"]
[EventCountry "ROU"]
[SourceTitle "playchess.com"]
[Source "ChessBase"]
[SourceQuality "1"]
[TimeControl "40/5400+30:1800+30"]

1. c4 e5 2. Nc3 d6 3. Nf3 f5 4. d4 e4 5. Ng5 c6 6. Nh3 Be7 7. g3 Na6 8. Bg2 Nf6 9. d5 O-O 10. O-O Nc5 11. b4 Ncd7 12. Nf4 Ne5 13. Qb3 g5 14. Ne6 Bxe6 15. dxe6 Nh5 16. Bb2 Bf6 17. Rad1 Qe7 18. f3 Qxe6 19. Rxd6 Qxc4 20. fxe4 Qxb3 21. axb3 f4 22. gxf4 Nxf4 23. e3 Nxg2 24. Rfxf6 Nxe3 25. Ne2 N5g4 26. Rxf8+ Rxf8 27. Ng3 Rf2 28. Rd8+ Kf7 29. Bd4 Rg2+ 30. Kh1 Nf2# 0-1

[Event "EICC 2025"]
[Site "Eforie-Nord"]
[Date "2025.03.16"]
[Round "2.28"]
[White "Tari, Aryan"]
[Black "Nemec, Jachym"]
[Result "1-0"]
[Annotator "TA"]
[ECO "B32"]
[WhiteElo "2621"]
[BlackElo "2442"]
[PlyCount "49"]
[EventDate "2025.03.14"]
[EventType "swiss"]
[EventCountry "ROU"]
[SourceTitle "playchess.com"]
[Source "ChessBase"]
[SourceQuality "1"]
[TimeControl "40/5400+30:1800+30"]

1. e4 c5 2. Nf3 Nc6 3. d4 cxd4 4. Nxd4 e5 5. Nb5 d6 6. N1c3 a6 7. Na3 b5 {[%emt 0:01:15][%cal Bb7b5,Bb5b4][%mdl 32] 7...b5 was played by the boomers.} 8. Nd5 Nf6 9. c4 {[%emt 0:00:20] B32: Sicilian: Löwenthal and Kalashnikov Variations.} b4 10. Nc2 Nxe4 11. g3 {[%emt 0:01:10][%cal Of1g2] White has an edge.} (11. Qf3 {seems wilder.} Nc5 12. Bg5 e4 13. Bxd8 exf3 14. Bb6) 11... Rb8 12. Bg2 Nc5 13. O-O {[%emt 0:05:03] White sacrificed a pawn} Be7 14. a3 a5 $146 (14... bxa3 $11 15. b4 (15. Rxa3 a5 $11) 15... Nb3 16. Rxa3 Nxc1) ({Predecessor:} 14... b3 15. Ncb4 Na5 16. Be3 O-O 17. f4 Bb7 18. Qe2 Kh8 19. fxe5 dxe5 20. Nxe7 Qxe7 {½-½ Tkachenko,I (2324)-Babychuk,V (2200) UKR-ch29 email 2017}) 15. axb4 $16 axb4 {[%emt 0:00:33][%csl Ob4,Od6] Black has weak pawns. White has a strong knight and is better. A sharp opening} 16. Bd2 Bb7 17. Bxb4 {[%emt 0:13:47] White is much more active.} Nxb4 18. Ncxb4 O-O 19. Ra7 {[%emt 0:01:11][%cal Ob4c6] Threatens to win with Nc6!.} Re8 {[%emt 0:05:22] [#] Black cannot hold the game after this.} (19... Bg5 $16) 20. Rxb7 $1 $18 Rxb7 21. Nc6 $1 {[%emt 0:00:05][%csl LRd8,LRe7] Excellent horsemanship.} Qc8 22. Ndxe7+ Rbxe7 23. Nxe7+ {[%emt 0:03:34] White has a decisive advantage.} (23. Qxd6 Re6 24. Qxc5 e4 $19) 23... Rxe7 24. Qxd6 Qc7 25. Rd1 {[%emt 0:01:49] Weighted Error Value: White=0.03 (flawless) /Black=0.30  Mistake:       	---       	Black=2      OK:         	White=4     	Black=2      Best:        	White=5     	Black=2      Brilliant:      	White=1     	---} 1-0

[Event "EICC 2025"]
[Site "Eforie-Nord"]
[Date "2025.03.16"]
[Round "2.28"]
[White "Lashkin, Jegor"]
[Black "Kiolbasa, Oliwia"]
[Result "1/2-1/2"]
[Annotator "ChessBase"]
[ECO "C50"]
[WhiteElo "2517"]
[BlackElo "2360"]
[PlyCount "96"]
[EventDate "2025.03.14"]
[EventType "swiss"]
[EventCountry "ROU"]
[SourceTitle "playchess.com"]
[Source "ChessBase"]
[SourceQuality "1"]
[TimeControl "40/5400+30:1800+30"]

1. e4 e5 2. Nf3 Nc6 3. Bc4 Bc5 4. d3 Nf6 5. a4 d6 6. Be3 Bxe3 7. fxe3 Be6 8. Bxe6 fxe6 9. O-O O-O 10. Nbd2 Qe8 11. c3 Ng4 12. Qe1 Qg6 13. h3 Nf6 14. b4 Rae8 15. Qh4 Nd8 16. Rf2 Nf7 17. g4 h6 18. Nc4 Nd7 19. Qg3 d5 20. Ncd2 Ng5 21. Raf1 Nxf3+ 22. Rxf3 Rxf3 23. Rxf3 Rf8 24. Rxf8+ Kxf8 25. d4 Qf6 26. Kg2 Ke7 27. a5 g5 28. Qf3 Qxf3+ 29. Kxf3 b6 30. c4 Kd6 31. axb6 axb6 32. Ke2 c6 33. Kd3 b5 34. cxb5 cxb5 35. exd5 exd5 36. e4 Ke6 37. Ke3 dxe4 38. Nxe4 Kd5 39. dxe5 Nxe5 40. Nf6+ Ke6 41. Ng8 Nc6 42. Nxh6 Nxb4 43. Nf5 Ke5 44. h4 Nd5+ 45. Kd2 gxh4 46. Nxh4 Kf4 47. Nf5 Kxg4 48. Ne3+ Nxe3 1/2-1/2